 Dungeon Crawl Stone Soup version 0.32-a0-791-gfc315c9ecd (webtiles) character file.

Game seed: 10835819563182264871

27 Kenran the Chiller (level 2, 0/20 HPs)
             Began as a Minotaur Ice Elementalist on Mar 20, 2024.
             Slain by Natasha (6 damage)
             ... on level 1 of the Dungeon.
             The game lasted 00:01:35 (985 turns).

Kenran the Chiller (Minotaur Ice Elementalist)       Turns: 985, Time: 00:01:36

Health: 0/20       AC:  3    Str: 12    XL:     2   Next: 93%
Magic:  3/3        EV: 10    Int: 12    God:
Gold:   42         SH:  5    Dex: 10    Spells: 2/3 levels left

rFire   . .          .
                       - Unarmed
rCold   . . .        (no shield)
rNeg    . . .        d - +0 leather armour
rPois   .            (helmet restricted)
rElec   .            (no cloak)
rCorr   .            (no gloves)
SInv    .            (no boots)
Will    .....        k - amulet of reflection
Stlth   +            (no ring)
HPRegen 0.23/turn    (no ring)
MPRegen 0.08/turn

%: reflection
@: no status effects
A: horns 2, retaliatory headbutt
a: no special abilities


You were on level 1 of the Dungeon.
You visited 1 branch of the dungeon, and saw 2 of its levels.

You collected 42 gold pieces.

Inventory:

Armour
 d - a +0 leather armour (worn)
Jewellery
 f - an amulet of guardian spirit
 k - an amulet of reflection (around neck)
Scrolls
 c - a scroll of teleportation {unknown}
 j - a scroll of poison {unknown}
Potions
 a - a potion of lignification {unknown}
 b - a potion of magic
 e - a potion of ambrosia {unknown}
 g - a potion of enlightenment {unknown}
 h - a potion of cancellation {unknown}
 i - a potion of degeneration {unknown}
 l - a potion of curing {@q1}


   Skills:
 - Level 2.1 Dodging
 - Level 1.5 Stealth
 + Level 2.9 Unarmed Combat
 - Level 1.3 Spellcasting
 - Level 2.9 Ice Magic


You had 2 spell levels left.
You knew the following spells:

 Your Spells              Type           Power      Damage    Failure   Level
a - Freeze                Ice            28%        1d5       11%         1

Your spell library contained the following spells:

 Spells                   Type           Power      Damage    Failure   Level
 Frozen Ramparts          Ice            14%        1d3       32%         3
 Ozocubu's Armour         Ice            7%         N/A       32%         3
 Summon Ice Beast         Ice/Summ       4%         N/A       52%         3


Dungeon Overview and Level Annotations

Branches:
Dungeon (2/15)

Altars:

Annotations:
D:1 exclusion: downstairs, Natasha


Innate Abilities, Weirdness & Mutations

You have a pair of horns on your head.
You reflexively headbutt those who attack you in melee.


Message History

You closely miss the adder. Your headbutt misses the adder.
The adder is severely wounded.
You feel sick. You block the adder's attack.
You barely miss the adder.
The adder is severely wounded.
You feel sick. The adder misses you. The adder bites you.
* * * LOW HITPOINT WARNING * * *
You are more poisoned.
The adder poisons you!
It was a potion of curing.
You feel better. The adder misses you.
You hit the adder.
You kill the adder!
You start resting.
HP restored.
You climb downwards.
Level annotation: Natasha The rat bites you but does no damage.
The rat bites you.
There is a stone staircase leading up here.
The rat closely misses you.
Natasha mumbles some strange words.
You climb upwards.
The cerulean imp disappears in a puff of smoke!
Level annotation: exclusion: downstairs
There is a stone staircase leading down, spattered with blood here.
You hit Natasha but do no damage. Your punch misses Natasha.
The rat bites you but does no damage. Natasha closely misses you.
You closely miss Natasha. The rat bites you but does no damage.
Natasha claws you!
You completely miss Natasha. The rat bites you. Natasha claws you.
You hit Natasha but do no damage. The rat bites you.
* * * LOW HITPOINT WARNING * * *
Natasha barely misses you. You furiously retaliate!
You headbutt Natasha! You hit Natasha.
Natasha is severely wounded.
The rat closely misses you.
You hit Natasha.
Natasha is severely wounded.
Natasha claws you.
You die...
Natasha begins licking her fur clean.

########## #........#
#........######
#.#.......)..)#
#....h@r.####÷########
#....†...# #........#
#....)...# ########.#
#.#....### ##### #.#
#......# #...# #.#
####.### ##...## #.#
#.## ###.....###.#
#..# #.........#.#
##.# #.........#.##


You could see Natasha and a rat.

Vanquished Creatures
  An adder (D:1)
  A dart slug (D:1)
  2 ball pythons
  An endoplasm (D:1)
  A goblin (D:1)
  3 hobgoblins (D:1)
  A quokka (D:1)
  4 kobolds (D:1)
  A rat (D:1)
15 creatures vanquished.

Notes
Turn   | Place    | Note
-------+----------+-------------------------------------------
     0 | D:1      | Kenran the Minotaur Ice Elementalist began the quest for
                  | the Orb.
     0 | D:1      | Reached XP level 1. HP: 14/14 MP: 1/1
   252 | D:1      | Reached skill level 1 in Unarmed Combat
   346 | D:1      | Reached XP level 2. HP: 20/20 MP: 3/3
   925 | D:2      | Noticed Natasha
   942 | D:1      | HP: 1/20 [adder (3)]
   985 | D:1      | Slain by Natasha

Illustrated notes

Levels and vault maps discovered:
D:1:      giann_wishing_wells, layout_loops_cross
D:2:      kennysheep_big_flooded_room, layout_basic, serial_glass,
          glass_columns_a, glass_columns_a, grunt_decor_mini_mirrors,
          nicolae_underground_beach, uniq_natasha

Skill      XL: |  1  2 |
---------------+-------+-----
Unarmed Combat | 1 2 |  2.9
Dodging        | |  2.1
Stealth        | |  1.5
Spellcasting   | |  1.3
Ice Magic      | |  2.9

Action                     || total
---------------------------++-------
  Melee: Unarmed           ||    53
         Headbutt          ||     9
    Use: Potion            ||     1
   Stab: Sleeping          ||     1
 Armour: Leather armour    ||    37
  Dodge: Dodged            ||    24
  Block: Other             ||     6

Table legend: (Time is in decaauts)
 A = Elapsed time spent in this place.
 B = Non-inter-level travel time spent in this place.
 C = Inter-level travel time spent in this place.
 D = Time resting spent in this place.
 E = Time spent auto-exploring this place.
 F = Levels seen in this place.
 G = Mean time per level.
                   A        B        C        D        E       F      G
               +--------+--------+--------+--------+--------+-----+--------+
         Total |    985 |    887 |     98 |    144 |    531 |   2 |  492.5 |
       Dungeon |    985 |    887 |     98 |    144 |    531 |   2 |  492.5 |
               +--------+--------+--------+--------+--------+-----+--------+

Top non-repeatable levels by time:
     D:1: 906 daAuts
     D:2: 79 daAuts
